 Dungeon Sprint DCSS version 0.27-a0-633-gc6addc0a40 (webtiles) character file.

Game seed: 8719987451054456260

4159 mhtbhm the Swashbuckler (level 10, -32/74 HPs)
             Began as a Kobold Berserker on Mar 13, 2021.
             Was the Champion of Trog.
             Killed from afar by Sigmund (46 damage)
             ... with a bolt of fire
             ... in the Dungeon (Sprint III: "The Ten Rune Challenge").
             The game lasted 00:02:16 (1558 turns).

mhtbhm the Swashbuckler (Kobold Berserker)          Turns: 1558, Time: 00:02:18

Health: -32/74     AC:  5    Str: 24    XL:     10   Next: 52%
Magic:  10/10      EV: 19    Int:  8    God:    Trog [******]
Gold:   40         SH:  0    Dex: 15    Spells: 9/9 levels left

rFire    . . .     SeeInvis .   a - +0 short sword
rCold    . . .     Faith    .   (shield restricted)
rNeg     . . .     Spirit   .   b - +0 animal skin
rPois    .         Reflect  .   (no helmet)
rElec    .         Harm     .   (no cloak)
rCorr    .         Rampage  .   j - +0 pair of gloves
Will     .....     NoTele   +   (no boots)
Stlth    +++++++...             (no amulet)
HPRegen  0.22/turn              i - +6 ring of strength
MPRegen  0.12/turn              (no ring)

@: berserk cooldown, slowed, very slow
A: small, no large weapons, nightstalker 3, slimy green scales 1, wild magic 1
a: Renounce Religion, Berserk, Trog's Hand, Brothers in Arms


You were in the Dungeon.
You worshipped Trog.
Trog was exalted by your worship.
You visited 1 branch You collected 40 gold pieces.

Inventory:

Hand Weapons
 a - a +0 short sword (weapon)
Armour
 b - a +0 animal skin (worn)
 j - a +0 pair of gloves (worn)
Jewellery
 i - a +6 ring of strength (right hand)
Scrolls
 h - a scroll of blinking
 k - 2 scrolls of immolation {unknown}
 l - 3 scrolls of identify
Potions
 c - 2 potions of curing
 d - a potion of heal wounds
 e - a potion of haste
 f - 2 potions of magic
 g - 2 potions of berserk rage
 m - a potion of attraction {unknown}
 n - 3 potions of flight
 o - 3 potions of mutation
 p - a potion of might
Miscellaneous
 q - a phial of floods


   Skills:
 + Level 13.8 Fighting
 + Level 17.8 Short Blades
 + Level 4.0 Armour
 + Level 9.8 Dodging
 + Level 14.4 Stealth


You had 9 spell levels left.
You didn't know any spells.
Your spell library was empty.

Dungeon Overview and Level Annotations

Branches:
Dungeon (1/1)

Altars:
Cheibriados
Dithmenos
Elyvilon
Fedhas
Gozag
Hepliaklqana
Kikubaaqudgha
Makhleb
Nemelex Xobeh
Okawaru
Qazlal
Ru
Sif Muna
Trog
Uskayaw
Vehumet
Wu Jian
Xom
Yredelemnul
Zin
The Shining One
Beogh
Jiyva
Lugonu

Annotations:
D Sigmund


Innate Abilities, Weirdness & Mutations

You are small and have problems with some larger weapons.
You are completely attuned to the shadows.
You are partially covered in slimy green scales. (AC +2)
Your spells are a little harder to cast, but a little more powerful.


Message History

You are knocked back by the lance of force.
You slam into the rock wall!
Edmund barely misses you.
You closely miss Edmund.
Edmund is heavily wounded.
Something hits you! Space warps horribly around you!
* * * LOW HITPOINT WARNING * * *
You puncture Edmund!
Edmund is severely wounded.
You hit Edmund.
Edmund is severely wounded.
Edmund hits you but does no damage.
You puncture Edmund!
Edmund is severely wounded.
You hit Edmund.
Edmund is severely wounded.
You hear some strange, mumbled words.
A lance of force appears from out of thin air!
The lance of force misses you.
You puncture Edmund!
Edmund is almost dead.
You hit Edmund.
Edmund is almost dead.
Edmund closely misses you.
You impale Edmund!!
Edmund is almost dead.
You hear some strange, mumbled words.
Something tries to affect you, but you resist.
You hit Edmund.
You kill Edmund!
Trog accepts your kill.
Unknown command.
You are no longer berserk.
You are exhausted.
You feel yourself slow down.
You hear some strange, mumbled words.
A bolt of fire appears from out of thin air!
The bolt of fire hits you!!!
Ouch! That really hurt!
You die...

#.#§.§#...#...##.#.#.
▓▓▓▓▓▓▓▓▓▓▓▓▓▓#.#.#.#
........≈≈≈...##.#.#.#
≈≈≈≈≈≈≈≈≈≈♣♣P.'.#.#.#.#
♣♣♣♣♣♣♣♣♣♣♣♣PP##.#.#.##
♣♣♣##'##### #...+ #...#
#{@)# #####


There were no monsters in sight!

Vanquished Creatures
  Snorg (D)
  A centaur warrior (D)
  An unseen horror (D)
  A deep elf pyromancer (D)
  Edmund (D)
  3 wandering mushrooms (D)
  A shadow (D)
  A spatial vortex (D)
  2 centaurs (D)
  A necrophage (D)
  An earth elemental (D)
  A water elemental (D)
  A scorpion (D)
  A jelly (D)
  A wizard (D)
  A necromancer (D)
  3 humans (D)
  A kobold demonologist (D)
  An ooze (D)
  3 rats (D)
27 creatures vanquished.

Notes
Turn   | Place    | Note
-------+----------+-------------------------------------------
     0 | D        | mhtbhm the Kobold Berserker began the quest for the Orb.
     0 | D        | Reached XP level 1. HP: 14/14 MP: 1/1
    84 | D        | Reached skill level 5 in Short Blades
   156 | D        | Reached ** piety under Trog
   157 | D        | Reached XP level 2. HP: 20/20 MP: 2/2
   167 | D        | Noticed a scorpion
   187 | D        | Reached skill level 6 in Short Blades
   187 | D        | Reached skill level 1 in Stealth
   187 | D        | Reached XP level 3. HP: 21/25 MP: 3/3
   312 | D        | Killed a scorpion
   313 | D        | Reached skill level 7 in Short Blades
   313 | D        | Reached XP level 4. HP: 32/32 MP: 4/4
   335 | D        | Gained mutation: Your spells are a little harder to cast,
                  | but a little more powerful. [potion of mutation]
   335 | D        | Gained mutation: You are partially covered in slimy green
                  | scales. (AC +2) [potion of mutation]
   365 | D        | Noticed a water elemental
   371 | D        | Killed a water elemental
   371 | D        | Reached *** piety under Trog
   372 | D        | Reached skill level 9 in Short Blades
   372 | D        | Reached XP level 5. HP: 26/38 MP: 5/5
   538 | D        | Found a radiant altar of Vehumet.
   538 | D        | Found a shimmering blue altar of Sif Muna.
   538 | D        | Found an ancient bone altar of Kikubaaqudgha.
   547 | D        | Reached skill level 10 in Short Blades
   583 | D        | Found a glowing silver altar of Zin.
   583 | D        | Found a glowing golden altar of the Shining One.
   583 | D        | Found a white marble altar of Elyvilon.
   584 | D        | Noticed a deep elf pyromancer
   591 | D        | Killed a deep elf pyromancer
   591 | D        | Reached **** piety under Trog
   592 | D        | Reached skill level 10 in Fighting
   592 | D        | Reached skill level 13 in Short Blades
   592 | D        | Reached XP level 6. HP: 48/48 MP: 6/6
   592 | D        | Reached XP level 7. HP: 52/52 MP: 7/7
   632 | D        | Found a hide-covered altar of Uskayaw.
   632 | D        | Found an iron altar of Okawaru.
   632 | D        | Found a bloodstained altar of Trog.
   632 | D        | Found an ornate altar of the Wu Jian Council.
   632 | D        | Noticed a human
   633 | D        | Noticed a human
   635 | D        | Killed a human
   636 | D        | Reached XP level 8. HP: 59/59 MP: 8/8
   636 | D        | Killed a human
   637 | D        | Reached skill level 14 in Short Blades
   656 | D        | Found a basalt altar of Yredelemnul.
   656 | D        | Found a shadowy altar of Dithmenos.
   656 | D        | Found a sacrificial altar of Ru.
   666 | D        | Reached ***** piety under Trog
   698 | D        | Noticed a shadow
   709 | D        | Killed a shadow
   804 | D        | Found a blossoming altar of Fedhas.
   804 | D        | Found a stormy altar of Qazlal.
   804 | D        | Found a snail-covered altar of Cheibriados.
   804 | D        | Found a burning altar of Makhleb.
   804 | D        | Found a shimmering altar of Xom.
   805 | D        | Found a hazy altar of Hepliaklqana.
   805 | D        | Found an opulent altar of Gozag.
   805 | D        | Found a sparkling altar of Nemelex Xobeh.
   805 | D        | Found a corrupted altar of Lugonu.
   805 | D        | Found a viscous altar of Jiyva.
   808 | D        | Reached skill level 15 in Short Blades
   826 | D        | Noticed Snorg
   837 | D        | Killed Snorg
   838 | D        | Reached skill level 16 in Short Blades
   838 | D        | Reached XP level 9. HP: 35/66 MP: 9/9
  1038 | D        | Noticed a centaur warrior
  1053 | D        | Killed a centaur warrior
  1054 | D        | Reached XP level 10. HP: 73/73 MP: 10/10
  1056 | D        | Received a gift from Trog
  1057 | D        | Reached skill level 17 in Short Blades
  1154 | D        | Killed an unseen horror
  1154 | D        | Reached ****** piety under Trog
  1521 | D        | Noticed Sigmund
  1521 | D        | Noticed Edmund
  1557 | D        | Killed Edmund
  1558 | D        | Killed from afar by Sigmund

Illustrated notes

Levels and vault maps discovered:
D:        dungeon_sprint_mu [sprint_mu_entry_cave, sprint_mu_temple_rooms,
          sprint_mu_d1_horrors, sprint_mu_d2_genie, sprint_mu_d3_branching,
          sprint_mu_orc_legion, sprint_mu_elf_gauntlet, sprint_mu_hive_nellie,
          sprint_mu_lair_fedhas, sprint_mu_vaults_butterflies,
          sprint_mu_slime_circle, sprint_mu_swamp_cave, sprint_mu_shoals_kraken,
          sprint_mu_blade_basic, sprint_mu_crypt_chambers,
          sprint_mu_tomb_spiral, sprint_mu_vestibule_basic,
          sprint_mu_gehenna_hellfire, sprint_mu_dis_giant,
          sprint_mu_tartarus_statrot, sprint_mu_cocytus_islands, sprint_mu_zot1]

Skill      XL: |  1  2  3  4  5  6  7  8  9 10 |
---------------+-------------------------------+-----
Fighting       | 4 6 7 10 12 13 | 13.8
Short Blades   | 5 6 7 9 13 16 17 | 17.8
Armour         | 2 3 4 |  4.0
Dodging        | 3 4 6 8 9 |  9.8
Stealth        | 1 2 3 7 8 11 12 14 | 14.4

Action                   |  1- 3 |  4- 6 |  7- 9 | 10-12 || total
-------------------------+-------+-------+-------+-------++-------
Melee: Short sword       |    24 |    12 |    45 |    59 ||   140
Invok: Berserk           |     2 |     3 |     3 |     2 ||    10
  Use: Potion            |       |     1 |       |       ||     1
 Stab: Sleeping          |     4 |     1 |     6 |     1 ||    12
Armor: Animal skin       |       |     1 |     2 |     4 ||     7
Dodge: Dodged            |    10 |     1 |    18 |    22 ||    51

Table legend: (Time is in decaauts)
 A = Elapsed time spent in this place.
 B = Non-inter-level travel time spent in this place.
 C = Inter-level travel time spent in this place.
 D = Time resting spent in this place.
 E = Time spent auto-exploring this place.
 F = Levels seen in this place.
 G = Mean time per level.
                   A        B        C        D        E       F      G
               +--------+--------+--------+--------+--------+-----+--------+
         Total |   1570 |   1570 |      0 |   1211 |     14 |   1 | 1570.0 |
       Dungeon |   1570 |   1570 |      0 |   1211 |     14 |   1 | 1570.0 |
               +--------+--------+--------+--------+--------+-----+--------+

Top non-repeatable levels by time:
       D: 1570 daAuts
